 Dungeon Crawl Stone Soup version 0.22-a0-159-g7ce444f (webtiles) character file.

66 4thArraOfDagon the Ducker (level 3, -1/17 HPs)
             Began as a Felid Abyssal Knight on Feb 9, 2018.
             Was a Follower of Lugonu.
             Succumbed to a water moccasin's poison
             ... on level 5 of the Dungeon.
             The game lasted 00:04:21 (745 turns).

4thArraOfDagon the Ducker (Felid Abyssal Knight)     Turns: 745, Time: 00:04:22

Health: -1/17      AC:  1    Str:  8      XL:     3   Next: 96%
Magic:  5/5        EV: 18    Int: 14      God:    Lugonu [*.....]
Gold:   69         SH:  3    Dex: 13 (15) Spells: 2/2 levels left
                                        Lives:  0   Deaths: 0

rFire    . . .     SeeInvis +     - Unarmed
rCold    . . .     Gourm    .   (shield unavailable)
rNeg     . . .     Faith    .   (armour unavailable)
rPois    .         Spirit   .   (helmet unavailable)
rElec    .         Reflect  +   (cloak unavailable)
rCorr    .         Harm     .   (gloves unavailable)
MR       .....                  (boots unavailable)
Stlth    +++.......             f - +3 amulet of reflection
HPRegen  0.05/turn              (no ring)
MPRegen  0.09/turn              (no ring)

@: lethally poisoned (-1 -> -21), very slightly contaminated, invisible
(expiring), quick
A: very small, no armour, no weapons or thrown items, stealth, claws 1, fangs 3,
see invisible, carnivore, speed 1, shaggy fur 1, slow metabolism 1, sharp paws
a: Depart the Abyss, Renounce Religion


You were on level 5 of the Dungeon.
You worshipped Lugonu.
Lugonu was aware of your devotion.
You were very full.

You visited 1 branch of the dungeon, and saw 6 of its levels.
You visited the Abyss 1 time.

You collected 69 gold pieces.

Inventory:

Jewellery
 f - a +3 amulet of reflection (around neck)
Scrolls
 b - a scroll of identify {unknown}
 e - a scroll of enchant weapon {unknown}
 h - a scroll of remove curse
Comestibles
 a - 3 rations


   Skills:
 - Level 3.0 Fighting
 + Level 3.8 Dodging
 * Level 3.1 Stealth
 * Level 3.0 Unarmed Combat
 - Level 2.0 Invocations


You had 2 spell levels left.
You didn't know any spells.

Dungeon Overview and Level Annotations

Branches:
Dungeon (6/15)
 Temple: D:4-7

Altars:


Innate Abilities, Weirdness & Mutations

You cannot wear armour.
You are incapable of wielding weapons or throwing items.
Your paws allow you to move quietly. (Stealth)
You have sharp claws.
You have razor-sharp teeth.
You have supernaturally acute eyesight. (SInv)
You are carnivorous and can eat meat at any time.
You cover ground quickly.
You are covered in fur. (AC +1)
You have a slow metabolism.
Your sharp claws are effective at attacking unaware monsters.


Message History

The water moccasin is severely wounded.
The water moccasin completely misses you.
The water moccasin closely misses you.
You scratch the water moccasin but do no damage.
The water moccasin is severely wounded.
The water moccasin barely misses you.
You pounce on the helpless water moccasin from behind!
You scratch the water moccasin.
The water moccasin is almost dead.
You scratch the water moccasin but do no damage.
The water moccasin is almost dead.
The water moccasin misses you. The water moccasin bites you.
* * * LOW HITPOINT WARNING * * *
You are lethally poisoned!
The water moccasin poisons you!
Unknown command.
You scratch the water moccasin but do no damage.
The water moccasin is almost dead.
You flicker for a moment.
You die...

*,,,***,. *,,,* #..
*,,,* #.. #..s# #..
###########...###..
#..............,#..
#.............#.#..
#S............#.#.#
#.@.............#..
#.............#*###
#.............# #
#......$......#####
#..................
#..................
#..................
#..................
#..................


You could see a water moccasin.

Vanquished Creatures
  A quasit (D:5)
  An adder (D:5)
  A dart slug (D:1)
  A leopard gecko (D:3)
  3 bats
  A giant cockroach (D:5)
  3 hobgoblins (D:1)
  3 jackals
  A quokka (D:2)
  4 frilled lizards
  2 goblins (D:1)
  2 kobolds
  2 rats
25 creatures vanquished.

Notes
Turn   | Place    | Note
-------+----------+-------------------------------------------
     0 | Abyss:1  | 4thArraOfDagon the Felid Abyssal Knight began the quest for the Orb.
     0 | Abyss:1  | Reached XP level 1. HP: 10/10 MP: 3/3
    56 | Abyss:3  | Noticed a freezing wraith
    64 | Abyss:3  | Noticed a raiju
    68 | Abyss:3  | Noticed a raiju
    68 | Abyss:3  | Noticed an orange demon
    69 | D:1      | Escaped the Abyss
   148 | D:1      | Reached skill level 1 in Stealth
   190 | D:1      | Reached XP level 2. HP: 9/14 MP: 4/4
   258 | D:1      | Reached * piety under Lugonu
   590 | D:5      | Entered Level 5 of the Dungeon
   662 | D:6      | Noticed a bullfrog
   673 | D:6      | Noticed a wight
   674 | D:6      | Noticed a wight
   678 | D:6      | Noticed a wight
   689 | D:5      | Reached XP level 3. HP: 15/17 MP: 5/5
   731 | D:5      | Noticed a water moccasin
   745 | D:5      | Succumbed to a water moccasin's poison

Vault maps used:
D:1:      dpeg_arrival_morbid_curiosity, st_stairs_6, minivault_14
D:2:      lemuel_doored_altar, minmay_split_cup_small, uniq_jessica
D:4:      minmay_temple_entry_steel_oval, serial_shops, shop_fountains, shop
D:5:      first_ration
D:6:      nicolae_ossuary_entry_monument, basic_altar, minmay_misc_feat_cross,
          fedhas_altar_4
Abyss:3:  minivault_28

Skill      XL: |  1  2  3 |
---------------+----------+-----
Stealth        | 1 2 3 |  3.1
Invocations    | 2 |  2.0
Unarmed Combat | 3 |  3.0
Fighting       | |  3.0
Dodging        | |  3.8

Action                   || total
-------------------------++-------
Melee: Unarmed           ||    95
       Bite              ||     5
Invok: Depart the Abyss  ||     1
  Use: Potion            ||     3
       Scroll            ||     3
 Stab: Sleeping          ||    10
       Invisible         ||     4
  Eat: Chunk             ||     6
Armor: Skin              ||     6
Dodge: Dodged            ||   114
Block: Other             ||    14

Table legend:
 A = Spawn XP
 B = Non-spawn XP
 C = Spawn XP percentage of total XP
 D = Spawn monster count
 E = Non-spawn monster count
 F = Spawn count percentage of total count
 G = Total turns spent on level
                    A         B        C        D         E        F      G
               +---------+---------+-------+---------+---------+-------+---------
         Total |       0 |      95 |   0.0 |       0 |      25 |   0.0 |   745
               +---------+---------+-------+---------+---------+-------+---------
           D:1 |       0 |      21 |   0.0 |       0 |      12 |   0.0 |   239
           D:2 |       0 |      10 |   0.0 |       0 |       6 |   0.0 |   154
           D:3 |       0 |       7 |   0.0 |       0 |       4 |   0.0 |    99
           D:5 |       0 |      57 |   0.0 |       0 |       3 |   0.0 |   134
               +---------+---------+-------+---------+---------+-------+---------
